 Dungeon Crawl Stone Soup version 0.17-a0-1210-g1e4f09d (webtiles) character file.

219 patman the Poker (level 5, -2/45 HPs)
             Began as a Centaur Chaos Knight on June 3, 2015.
             Splashed by a jelly's acid (4 damage)
             ... on level 3 of the Dungeon.
             The game lasted 00:05:16 (1707 turns).

patman the Poker (Centaur Chaos Knight)             Turns: 1707, Time: 00:05:16

Health: -2/45      AC:  0    Str: 14    XL:     5   Next: 63%
Magic:  5/5        EV:  9    Int: 11    God:    Xom [..*...]
Gold:   71         SH:  0    Dex: 10    Spells: 0 memorised, 4 levels left

rFire  . . .     SeeInvis .     a - +0 spear (chaos)
rCold  . . .     Clarity  .     b - +2 leather armour
rNeg   . . .     SustAt   .     (no shield)
rPois  +         Gourm    .     m - +2 helmet
rElec  .         Spirit   .     (no cloak)
rCorr  .         Warding  .     (no gloves)
rMut   .         Stasis   .     (no barding)
MR     .....                    (no amulet)
Stlth  ..........               i - ring of poison resistance
                                h - +1 ring of protection

@: corroded equipment, very quick, not resistant to hostile enchantments,
extremely unstealthy
A: hooves 3, deformed body, speed 2, tough skin 3
a: Renounce Religion


You were on level 3 of the Dungeon.
You worshipped Xom.
You were a toy of Xom.
You were not hungry.

You visited 1 branch of the dungeon, and saw 3 of its levels.

You collected 71 gold pieces.

Inventory:

Hand weapons
 a - a +0 spear of chaos (weapon)
Missiles
 k - 2 tomahawks (quivered)
Armour
 b - a +2 leather armour (worn)
 m - a +2 helmet (worn)
Jewellery
 h - a +1 ring of protection (left hand)
 i - a ring of poison resistance (right hand)
Magical devices
 l - a wand of polymorph (16)
Scrolls
 d - a scroll of amnesia {unknown}
 e - 5 scrolls of remove curse
 n - a scroll of identify {unknown}
 o - a scroll of immolation {unknown}
 q - a scroll of magic mapping {unknown}
Potions
 g - a potion of curing {unknown}
 r - 2 potions of lignification {unknown}
 s - a potion of cancellation {unknown}
Comestibles
 c - 2 bread rations
 f - 2 meat rations
 j - a royal jelly
 p - a chunk of flesh
 t - a beef jerky


   Skills:
 - Level 3.0 Fighting
 * Level 5.8 Polearms
 - Level 1.3 Armour
 - Level 0.6 Dodging


You had 4 spell levels left.
You didn't know any spells.

Dungeon Overview and Level Annotations

Branches:
Dungeon (3/15)

Altars:


Innate Abilities, Weirdness & Mutations

You have hooves in place of feet.
Armour fits poorly on your strangely shaped body.
You cover ground very quickly.
You have extremely tough skin (AC +3).


Message History

You barely miss the jelly.
The jelly is lightly wounded.
The jelly hits you.
You are splashed with acid!
The acid corrodes you!
The acid burns!
You hit the jelly.
Your hands burn!
The jelly is moderately wounded.
The jelly hits you.
You are splashed with acid!
The acid burns!
You hit the jelly but do no damage. The acid corrodes you!
Your hands burn!
You kick the jelly.
The jelly is moderately wounded.
The jelly hits you.
* * * LOW HITPOINT WARNING * * *
You are splashed with acid!
The acid burns!
* * * LOW HITPOINT WARNING * * *
Attack whom?
Press: ? - help, Dir - move target cursor, f/p - jelly
Aim: a jelly (moderately wounded)
You reach to attack!
You hit the jelly but do no damage.
Your hands burn!
You die...
Xom laughs nastily!

#.# #.# #.#
########.##
#.......รท.#
#.........####
#.............
######..........###
#.@.Jl..........#
#.####..........# #
#. #..........#
....####..........#
........J.........#
########b########.#
#..l# .# #.###.# .#
.b# #..


You could see a jelly and a giant gecko.

Vanquished Creatures
  A big kobold (D:3)
  Robin (D:2)
  5 adders
  2 oozes
  2 worms (D:2)
  5 giant geckos
  A giant cockroach (D:2)
  13 goblins
  13 hobgoblins
  9 kobolds
  2 ball pythons (D:2)
  7 bats
  3 giant newts
  5 rats
69 creatures vanquished.

Vanquished Creatures (others)
  A butterfly (D:2)
1 creature vanquished.

Grand Total: 70 creatures vanquished

Notes
Turn   | Place    | Note
--------------------------------------------------------------
     0 | D:1      | patman the Centaur Chaos Knight began the quest for the Orb.
     0 | D:1      | Reached XP level 1. HP: 19/19 MP: 1/1
   128 | D:1      | XOM: divination: magic mapping
   178 | D:1      | XOM: potion effect (might)
   205 | D:1      | XOM: harmless Fire miscast
   278 | D:1      | Reached XP level 2. HP: 26/26 MP: 2/2
   732 | D:1      | XOM: divination: detect creatures
   861 | D:2      | XOM: divination: magic mapping
   861 | D:2      | XOM: butterfly on damage
   870 | D:2      | Reached XP level 3. HP: 19/31 MP: 3/3
   998 | D:2      | XOM: smoke on damage
  1039 | D:2      | XOM: harmless Chrm miscast
  1091 | D:2      | XOM: harmless Necr miscast
  1113 | D:2      | Reached skill level 4 in Polearms
  1127 | D:2      | Noticed Robin
  1152 | D:2      | Killed Robin
  1152 | D:2      | Reached XP level 4. HP: 37/38 MP: 4/4
  1408 | D:3      | Reached skill level 5 in Polearms
  1476 | D:3      | Noticed a big kobold
  1476 | D:3      | a worm changed into a big kobold
  1495 | D:3      | Killed a big kobold
  1495 | D:3      | Reached XP level 5. HP: 24/45 MP: 5/5
  1617 | D:3      | XOM: mild Hex miscast
  1705 | D:3      | HP: 2/45 [acid (11)]
  1707 | D:3      | Splashed by a jelly's acid

Vault maps used:
D:1:      minmay_arrival_four_circles, lemuel_old_faithful
D:2:      uniq_robin

Action                   |  1- 3 |  4- 6 || total
-------------------------+-------+-------++-------
Melee: Spear             |    98 |   135 ||   233
       Unarmed           |    22 |     8 ||    30
  Use: Scroll            |       |     1 ||     1
 Stab: Paralysed         |       |     7 ||     7
       Confused          |       |     1 ||     1
  Eat: Chunk             |       |     2 ||     2
